AoeStats
← CORP_vash774

Hideout

509210365Analyzed
1v1 RM · 7d ago on Sep 25, 2026· 37m 47s· 2 players
Game mode
Random Map
Map size
Tiny (2 player)
Population
200
Speed
Normal
Resources
Standard
Victory
Conquest
Starting age
Dark Age
Ending age
Imperial Age
RankedLock teamsTeams togetherTeam positionsShared explorationLock speedFull tech treeHidden civsTurbo modeCheats
Victory
Defeat
🇦🇷 Shu · Argentina
1015
+17
🇹🇷 Saxons · Türkiye
1032
-17
CORP_vash774
0:48 Loom
11:43 Feudal Age
13:42 Town Watch
14:46 Horse Collar
14:56 Double-Bit Axe
19:55 Castle Age
17:52 Fletching
18:32 Padded Archer Armor
20:03 Crossbowman
21:49 Elite Skirmisher
22:46 Pikeman
25:30 Bodkin Arrow
25:46 Forging
28:28 Coiled Serpent Array
28:36 Scale Mail Armor
29:02 Light Cavalry
32:41 Chain Mail Armor
33:42 Ballistics
35:07 Bow Saw
37:40 Thumb Ring
DÜBELCİ
7:49 Loom
10:18 Feudal Age
14:14 Castle Age
21:37 Double-Bit Axe
23:19 Wheelbarrow
23:12 Horse Collar
26:12 Bow Saw
32:05 Imperial Age
29:45 Heavy Plow
31:27 Fletching
31:37 Padded Archer Armor
31:34 Gold Mining
32:52 Gold Shaft Mining
31:56 Elite Skirmisher
33:24 Bodkin Arrow
33:45 Leather Archer Armor
Connection lost

Rejoining the realm…

Still unreachable

The connection could not be restored.

Session expired

The server has moved on; the page needs a fresh start.